 Dungeon Crawl Stone Soup version 0.24-a0-312-g16217b4a02 (webtiles) character file.

Game seed: 14954515653178189245

4 HAL9000 the Sneak (level 1, 0/11 HPs)
             Began as a Vine Stalker Assassin on May 14, 2019.
             Shot with a stone by a goblin (6 damage)
             ... on level 3 of the Dungeon on May 15, 2019.
             The game lasted 00:00:26 (107 turns).

HAL9000 the Sneak (Vine Stalker Assassin)            Turns: 107, Time: 00:00:27

Health: 0/11       AC:  3    Str: 13    XL:     1   Next: 70%
Magic:  0/2        EV: 11    Int: 11    God:
Gold:   8          SH:  0    Dex: 15    Spells: 0/0 levels left

rFire    . . .     SeeInvis .   a - +2 dagger
rCold    . . .     Gourm    .   (no shield)
rNeg     . . .     Faith    .   b - +0 robe
rPois    .         Spirit   +   (no helmet)
rElec    .         Reflect  .   c - +0 cloak
rCorr    .         Harm     .   (no gloves)
MR       .....                  (no boots)
Stlth    +++.......             (no amulet)
HPRegen  0.03/turn              (no ring)
MPRegen  0.08/turn              (no ring)

@: no status effects
A: fangs 2, magic shield, antimagic bite, no potion heal 3, rot immunity
a: no special abilities


You were on level 3 of the Dungeon.
You were not hungry.

You visited 1 branch of the dungeon, and saw 3 of its levels.

You collected 8 gold pieces.

Inventory:

Hand Weapons
 a - a +2 dagger (weapon)
Missiles
 d - 8 poisoned darts (quivered)
 e - 2 curare-tipped darts
Armour
 b - a +0 robe (worn)
 c - a +0 cloak (worn)
Jewellery
 g - an uncursed ring of protection from fire {unknown}
Comestibles
 f - a ration


   Skills:
 - Level 1.7 Fighting
 + Level 2.2 Short Blades
 - Level 1.7 Throwing
 - Level 0.7 Dodging
 - Level 4.8 Stealth


You couldn't memorise any spells.
You didn't know any spells.
Your spell library was empty.

Dungeon Overview and Level Annotations

Branches:
Dungeon (2/15)

Altars:


Innate Abilities, Weirdness & Mutations

You have extremely sharp teeth.
When hurt, damage is shared between your health and your magic reserves.
Your bite disrupts and absorbs the magic of your enemies.
Potions cannot restore your health.
You are immune to rotting.


Message History

A giant cockroach comes into view.
You fall through a shaft!
The shaft crumbles and collapses.
Found five items.
No target in view!
An orc comes into view. It is wielding a +0 flail.
The orc shouts!
You hear a shout! x2
The orc hits you with a +0 flail.
You barely miss the orc.
An orc comes into view. It is wielding a +0 flail.
The orc barely misses you.
You hit the orc.
The orc is moderately wounded.
A goblin comes into view.
The orc hits you but does no damage.
You hit the orc. You bite the orc, but do no damage.
The orc is heavily wounded.
The goblin wields a +0 hunting sling.
The goblin shoots a stone.
The stone hits you!
Ouch! That really hurt!
You die...

.. #.### # ...##
# #.##...##
#..#.#.....###$#
#..?g......o...#
#...##.....##(.#
#. ##...## ##@##
#o# ... #?.##
#..# #... ##.#
..#


You could see 2 orcs and a goblin.

Vanquished Creatures
  A giant cockroach (D:2)
  A frilled lizard (D:1)
  A kobold (D:1)
  3 rats (D:1)
6 creatures vanquished.

Notes
Turn   | Place    | Note
-------+----------+-------------------------------------------
     0 | D:1      | HAL9000 the Vine Stalker Assassin began the quest for the
                  | Orb.
     0 | D:1      | Reached XP level 1. HP: 11/11 MP: 2/2
     0 | D:1      | Upgraded the game from 0.24-a0-309-g1095bcad4c to
                  | 0.24-a0-312-g16217b4a02
    94 | D:1      | You fall through a shaft!
    99 | D:2      | You fall through a shaft!
   107 | D:3      | Shot with a stone by a goblin

Levels and vault maps discovered:
D:1:      dpeg_arrival_signposts, layout_basic
D:2:      layout_rooms, xom_teletrap_fun, minmay_divided_ellipse
D:3:      layout_loops_ring, first_ration

Skill      XL: |  1 |
---------------+----+-----
Short Blades   | 2 |  2.2
Fighting       | |  1.7
Throwing       | |  1.7
Dodging        | |  0.7
Stealth        | |  4.8

Action                   || total
-------------------------++-------
Melee: Dagger            ||    19
       Bite              ||     5
 Stab: Sleeping          ||     2
Armor: Robe              ||     2
Dodge: Dodged            ||     8

Table legend:
 A = Non-vault XP
 B = Vault XP
 C = Vault XP percentage of total XP
 D = Non-vault monster count
 E = Vault monster count
 F = Vault count percentage of total count
                 A         B        C        D         E       F
            +---------+---------+-------+---------+---------+-------
      Total |       7 |       0 |   0.0 |       6 |       0 |   0.0
            +---------+---------+-------+---------+---------+-------
        D:1 |       5 |       0 |   0.0 |       5 |       0 |   0.0
        D:2 |       2 |       0 |   0.0 |       1 |       0 |   0.0
            +---------+---------+-------+---------+---------+-------
